 Dungeon Crawl Stone Soup version 0.24-a0-264-gf46a388 (webtiles) character file.

Game seed: 5228950455674821683

11 Hasart the Cutter (level 2, 0/19 HPs)
             Began as a Kobold Monk on Apr 20, 2019.
             Slain by a jackal (2 damage)
             ... on level 1 of the Dungeon.
             The game lasted 00:00:41 (368 turns).

Hasart the Cutter (Kobold Monk)                      Turns: 368, Time: 00:00:42

Health: 0/19       AC:  2    Str:  8    XL:     2   Next: 35%
Magic:  2/2        EV: 16    Int: 11    God:
Gold:   39         SH:  4    Dex: 17    Spells: 1/1 levels left

rFire    . . .     SeeInvis .   a - +0 short sword
rCold    . . .     Gourm    .   g - +0 buckler
rNeg     . . .     Faith    .   b - +0 robe
rPois    .         Spirit   .   (no helmet)
rElec    .         Reflect  .   (no cloak)
rCorr    .         Harm     .   (no gloves)
MR       .....                  (no boots)
Stlth    ++........             (no amulet)
HPRegen  0.06/turn              (no ring)
MPRegen  0.08/turn              (no ring)

@: no status effects
A: small, carnivore
a: no special abilities


You were on level 1 of the Dungeon.
You were very full.

You visited 1 branch of the dungeon, and saw 1 of its levels.

You collected 39 gold pieces.

Inventory:

Hand Weapons
 a - a +0 short sword (weapon)
Armour
 b - a +0 robe (worn)
 g - a +0 buckler (worn)
Scrolls
 d - 2 scrolls of teleportation {unknown}
 e - a scroll of identify {unknown}
Potions
 f - a potion of magic {unknown}
Comestibles
 c - a ration


   Skills:
 + Level 3.4 Fighting
 * Level 4.3 Short Blades
 + Level 3.8 Dodging
 + Level 3.0 Stealth
 + Level 0.0 Shields


You had one spell level left.
You didn't know any spells.
Your spell library was empty.

Dungeon Overview and Level Annotations

Branches:
Dungeon (1/15)

Altars:


Innate Abilities, Weirdness & Mutations

You are small and have problems with some larger weapons.
You are carnivorous and can eat meat at any time.


Message History

You barely miss the jackal.
The jackal is heavily wounded.
The jackal barely misses you. The jackal misses you.
You completely miss the jackal.
The jackal is heavily wounded.
The jackal misses you.
You hit the jackal but do no damage.
The jackal is heavily wounded.
You block the jackal's attack.
You barely miss the jackal.
The jackal is heavily wounded.
The jackal closely misses you.
You hit the jackal.
You kill the jackal!
You hit the jackal but do no damage. The jackal misses you.
The jackal barely misses you.
Your shield prevents you from hitting the jackal.
The jackal bites you but does no damage.
You closely miss the jackal. The jackal bites you.
You die...

## .# .. ############.# #.#
#..........#.# #.# #.########.#.#
#.# #.# #.#.# #.#
#.########.#.#######.#
#........#>....@hl...# #
########.#.#.######..# #####.. .
..........#.# ##.####.......
..#######...#.# #............
.......÷....#.########.###†......
#.##........................#
#.........#......................
####.####.#.#.#.............###.#
#.# #...#.#.#######.##..#


You could see a jackal and a frilled lizard.

Vanquished Creatures
  A ball python (D:1)
  A hobgoblin (D:1)
  3 jackals (D:1)
  3 frilled lizards (D:1)
  A goblin (D:1)
  A kobold (D:1)
  A rat (D:1)
11 creatures vanquished.

Notes
Turn   | Place    | Note
-------+----------+-------------------------------------------
     0 | D:1      | Hasart the Kobold Monk began the quest for the Orb.
     0 | D:1      | Reached XP level 1. HP: 14/14 MP: 1/1
   310 | D:1      | Reached XP level 2. HP: 19/19 MP: 2/2
   368 | D:1      | Slain by a jackal

Levels and vault maps discovered:
D:1:      sevenhm_arrival_forest_fort_small_1, layout_basic

Skill      XL: |  1  2 |
---------------+-------+-----
Stealth        | 3 |  3.0
Fighting       | |  3.4
Short Blades   | |  4.3
Dodging        | |  3.8

Action                   || total
-------------------------++-------
Melee: Short sword       ||    36
 Stab: Sleeping          ||     3
  Eat: Chunk             ||     5
Armor: Robe              ||     3
Dodge: Dodged            ||    40
Block: Buckler           ||     8

Table legend:
 A = Non-vault XP
 B = Vault XP
 C = Vault XP percentage of total XP
 D = Non-vault monster count
 E = Vault monster count
 F = Vault count percentage of total count
                 A         B        C        D         E       F
            +---------+---------+-------+---------+---------+-------
      Total |      16 |       0 |   0.0 |      11 |       0 |   0.0
            +---------+---------+-------+---------+---------+-------
        D:1 |      16 |       0 |   0.0 |      11 |       0 |   0.0
            +---------+---------+-------+---------+---------+-------
